 Dungeon Crawl Stone Soup version 0.28.0-47-ge53b351184 (webtiles) character file.

Game seed: 12943408525269000803

30 Icepheonix32 the Chiller (level 3, -4/22 (24) HPs)
             Began as a Demonspawn Ice Elementalist on May 5, 2022.
             Killed from afar by Sigmund (6 damage)
             ... with a puff of flame
             ... on level 2 of the Dungeon.
             The game lasted 00:02:21 (1864 turns).

Icepheonix32 the Chiller (DsIE)                     Turns: 1864, Time: 00:02:22

HP:   -4/22 (24)    AC:  8    Str:  8    XL:     3   Next: 3%
MP:   4/6           EV: 12    Int: 24    God:
Gold: 74            SH:  0    Dex: 13    Spells: 2/6 levels left

rFire   . . .      SeeInvis .   j - +1 dagger (drain)
rCold   . . .      Faith    .   (no shield)
rNeg    . . .      Spirit   .   a - +0 robe
rPois   .          Reflect  .   (no helmet)
rElec   .          Harm     .   (no cloak)
rCorr   .          Rampage  .   (no gloves)
Will    .....                   (no boots)
Stlth   ++........              (no amulet)
HPRegen 0.07/turn               i - +6 ring of intelligence
MPRegen 0.10/turn               (no ring)

@: sanguine armoured, drained
A: sanguine armour 1, demonic touch 1
a: no special abilities


You were on level 2 of the Dungeon.
You visited 1 branch of the dungeon, and saw 2 of its levels.

You collected 74 gold pieces.

Inventory:

Hand Weapons
 c - a +0 hand axe
 d - a +0 spear
 g - a +4 short sword
 j - a +1 dagger of draining (weapon)
Armour
 a - a +0 robe (worn)
Jewellery
 i - a +6 ring of intelligence (left hand)
Scrolls
 b - a scroll of noise {unknown}
 e - a scroll of teleportation {unknown}
 f - a scroll of identify {unknown}
 h - a scroll of immolation {unknown}


   Skills:
 - Level 1.7 Dodging
 - Level 1.7 Stealth
 * Level 2.3 Spellcasting
 + Level 4.3 Ice Magic


You had 2 spell levels left.
You knew the following spells:

 Your Spells              Type           Power      Damage    Failure   Level
a - Freeze                Ice            92%        1d10      1%          1
b - Ozocubu's Armour      Ice            23%        N/A       6%          3

Your spell library contained the following spells:

 Spells                   Type           Power      Damage    Failure   Level
 Frozen Ramparts          Ice            46%        1d6       6%          3
 Hailstorm                Conj/Ice       13%        3d5       43%         4


Dungeon Overview and Level Annotations

Branches:
Dungeon (2/15)

Altars:

Annotations:
D:2 Sigmund


Innate Abilities, Weirdness & Mutations

When seriously injured, your blood forms armour. (AC +6)
Your touch may inflict minor irresistible damage on your foes.


Message History

Unknown command.
Casting: Freeze (safe; 1% risk of failure)
Confirm with . or Enter, or press ? or * to list all spells.
The spell is quite dangerous to miscast (6% risk of failure)!
Continue anyway?
A film of ice covers your body!
Sigmund laughs darkly.
Sigmund barely misses you.
The goblin shoots a stone.
The stone barely misses you.
Unknown command.
You sense an unholy aura.
j - a +1 dagger of draining (weapon)
You barely miss Sigmund.
You touch Sigmund.
Sigmund is lightly wounded.
Sigmund gestures wildly while chanting.
Sigmund flickers and vanishes!
Deactivating autopickup; reactivate with Ctrl-A.
Unknown command.
You barely miss something.
The goblin shoots a stone.
The stone hits you but does no damage. Something hits you but does no damage.
You barely miss something. You hit the goblin.
The goblin is moderately wounded.
Something hits you.
* * * LOW HITPOINT WARNING * * *
The goblin unwields a +0 hunting sling.
The goblin wields a +0 dagger.
The goblin misses you.
Unknown command.
You aren't carrying any potions.
Unknown command.
Your icy armour will break if you move.
Continue?
Your icy armour cracks and falls away as you move.
The goblin hits you but does no damage. Something hits you.
* * * LOW HITPOINT WARNING * * *
The goblin unwields a +0 dagger.
The goblin wields a +0 hunting sling.
The goblin shoots a stone.
The stone barely misses you.
The goblin shoots a stone.
The stone closely misses you.
The goblin shoots a stone.
The stone completely misses you.
A puff of flame appears from out of thin air!
The puff of flame hits you.
You die...

#)# #.......# #.#
#.# ##.#.########.##
#.#
###..#..###......##
#.#
#.†..#....#.#..#..#
##.###
#.#######.#.#....##
#....#
#.<..#....#.#.#.##
##.#.#
###..#..###.....#
###.#
##.#.######.###
##.## ##@......##.#
#...####.........).#
#.<..............#.#
#...#....>##.).....#
#####.#{.........#.#
#.#.g.......##.#
#.#..).....###[#
#.##...........#
#.###..#########


You could see a goblin.

Vanquished Creatures
  A ball python (D:1)
  4 endoplasms (D:1)
  2 giant cockroaches
  5 goblins
  4 hobgoblins
  4 bats (D:1)
  A frilled lizard (D:2)
  2 kobolds (D:1)
  2 rats (D:1)
25 creatures vanquished.

Notes
Turn   | Place    | Note
-------+----------+-------------------------------------------
     0 | D:1      | Icepheonix32 the Demonspawn Ice Elementalist began the
                  | quest for the Orb.
     0 | D:1      | Reached XP level 1. HP: 13/13 MP: 3/3
   461 | D:1      | Reached skill level 4 in Ice Magic
   609 | D:1      | Found a faded altar of an unknown god.
   615 | D:1      | Gained mutation: When seriously injured, your blood forms
                  | armour. (AC +6) [demonic ancestry]
   615 | D:1      | Reached XP level 2. HP: 19/19 MP: 5/5
  1282 | D:2      | Noticed Sigmund
  1820 | D:2      | Gained mutation: Your touch may inflict minor irresistible
                  | damage on your foes. [demonic ancestry]
  1820 | D:2      | Reached XP level 3. HP: 22/22 MP: 6/6
  1824 | D:2      | Learned a level 3 spell: Ozocubu's Armour
  1864 | D:2      | Killed from afar by Sigmund

Illustrated notes

Levels and vault maps discovered:
D:1:      evilmike_arrival_crescent, layout_basic,
          hellmonk_ecumenical_altar_slurped_away
D:2:      layout_loops_cross, uniq_natasha, uniq_sigmund

Skill      XL: |  1 |
---------------+----+-----
Ice Magic      | 4 |  4.3
Dodging        | |  1.7
Stealth        | |  1.7
Spellcasting   | |  2.3

Action                   || total
-------------------------++-------
Melee: Short sword       ||    40
       Unarmed           ||     2
       Dagger            ||     4
       Touch             ||     1
 Cast: Freeze            ||    23
       Ozocubu's Armour  ||     1
 Stab: Sleeping          ||     1
Armor: Robe              ||    24
Dodge: Dodged            ||    89
